Map: Frozen Temple

Players

LiquidSnute (Snute) - Winner!

  • Race: Zerg Zerg

Lilbow

  • Race: Protoss Protoss
  • League: Master

Event: DreamHack ZOWIE Open Valencia 2016

VOD

Have the link to the VOD?

Description

Time

  • Played on: July 15, 2016, 1 p.m.
  • Length: 8:48

All games in this series

Show
View Real Time Build Order
Export as new Build Order

LiquidSnute Zerg - Winner!

Build Orders: Hatch First 

Get SALT Encoding   

  12  0:00  Drone  
  13  0:12  Overlord  
  13  0:17  Drone  
  14  0:30  Drone x2  
  14  0:34  Drone  
  17  0:52  Hatchery  
  17  0:55  Drone  
  17  0:58  Drone  
  17  1:00  Extractor  
  17  1:13  Spawning Pool  
  17  1:18  Drone  
  17  1:19  Drone  
  18  1:28  Drone  
  19  1:38  Drone  
  20  1:53  Hatchery  
  19  1:59  Queen  
  21  2:05  Metabolic Boost  
  21  2:08  Drone  
  21  2:11  Drone  
  21  2:14  Drone  
  24  2:19  Overlord  
  24  2:22  Drone  
  25  2:25  Drone  
  25  2:28  Drone  
  27  2:35  Overlord  
  27  2:36  Drone  
  28  2:42  Queen  
  30  2:44  Zergling x2  
  30  2:47  Zergling x2  
  32  2:54  Queen  
  32  2:55  Drone  
  32  2:57  Drone  
  36  3:06  Drone x2  
  36  3:07  Drone  
  36  3:08  Queen  
  36  3:12  Drone  
  42  3:13  Drone  
  42  3:15  Drone  
  42  3:16  Drone  
  42  3:19  Zergling x2  
  46  3:22  Drone  
  48  3:27  Drone x2  
  48  3:29  Drone  
  50  3:36  Roach Warren, Extractor  
  50  3:37  Overlord  
  47  3:43  Zergling x4  
  49  3:49  Overlord x2  
  49  3:52  Overlord  
  49  3:58  Zergling x6  
  52  4:09  Overlord  
  52  4:19  Roach  
  52  4:20  Roach x5  
  52  4:22  Roach  
  66  4:24  Zergling x2  
  66  4:25  Zergling x10  
  66  4:29  Roach  
  73  4:44  Roach x3  
  73  4:51  Zergling x14  
  74  4:55  Zergling x2  
  72  5:06  Zergling x6  
  75  5:14  Ravager  
  75  5:18  Spore Crawler  
  75  5:19  Zergling x6  
  77  5:22  Ravager  
  77  5:26  Zergling x6  
  81  5:33  Drone x2  
  81  5:34  Drone x2  
  82  5:48  Drone x6  
  82  5:53  Drone x2  
  82  5:56  Drone x2  
  83  5:58  Drone  
  83  6:02  Lair  
  80  6:06  Drone  
  80  6:07  Drone  
  80  6:12  Drone x3  
  80  6:13  Drone  
  80  6:14  Drone  
  82  6:18  Drone  
  82  6:26  Spore Crawler  
  82  6:27  Drone, Spore Crawler  
  82  6:28  Drone x2  
  82  6:29  Evolution Chamber  
  82  6:31  Drone x3  
  86  6:32  Drone  
  86  6:34  Drone  
  86  6:37  Overlord x2  
  86  6:38  Drone  
  88  6:42  Ravager  
  88  6:43  Overlord  
  88  6:45  Extractor  
  88  6:46  Drone, Extractor  
  88  6:47  Drone  
  88  6:48  Drone, Extractor  
  89  6:54  Overlord  
  89  7:00  Drone x2  
  91  7:07  Hydralisk Den  
  90  7:12  Zergling x16  
  90  7:13  Zergling x2  
  99  7:16  Ravager x3  
  99  7:18  Hatchery  
  99  7:19  Roach x2  
  105  7:25  Roach x3  
  105  7:28  Roach x2  
  115  7:31  Overlord  
  115  7:33  Roach  
  115  7:34  Roach  
  116  7:38  Roach x2  
  116  7:41  Ravager  
  116  7:42  Overlord x2  
  113  7:58  Roach  
  113  7:59  Roach x8  
  114  8:12  Roach x6  
  113  8:16  Roach  
  106  8:25  Roach x2  
  106  8:26  Roach x3  
Show
View Real Time Build Order
Export as new Build Order

Lilbow Protoss 

Build Orders: 1 Gate Expand 

Get SALT Encoding   

  12  0:00  Probe (Chrono Boost)  
  13  0:11  Probe (Chrono Boost)  
  14  0:17  Pylon  
  14  0:22  Probe (Chrono Boost)  
  16  0:35  Probe (Chrono Boost)  
  16  0:37  Gateway  
  16  0:46  Probe (Chrono Boost)  
  16  0:47  Assimilator  
  17  0:57  Probe (Chrono Boost)  
  18  1:07  Probe (Chrono Boost)  
  19  1:18  Probe (Chrono Boost)  
  20  1:23  Nexus  
  20  1:32  Cybernetics Core  
  20  1:36  Probe (Chrono Boost)  
  21  1:41  Assimilator  
  21  1:46  Probe (Chrono Boost)  
  22  1:51  Pylon  
  22  1:57  Probe (Chrono Boost)  
  23  2:08  Warp Gate  
  23  2:09  Adept, Probe (Chrono Boost)  
  26  2:20  Twilight Council, Probe (Chrono Boost)  
  27  2:30  Probe (Chrono Boost)  
  27  2:35  Probe (Chrono Boost)  
  27  2:36  Adept  
  31  2:41  Probe (Chrono Boost)  
  32  2:46  Probe (Chrono Boost)  
  33  2:51  Probe (Chrono Boost)  
  33  2:53  Resonating Glaives  
  33  2:56  Probe (Chrono Boost)  
  35  3:02  Probe (Chrono Boost)  
  35  3:03  Adept  
  38  3:07  Probe (Chrono Boost)  
  38  3:11  Gateway  
  39  3:13  Gateway  
  39  3:15  Probe (Chrono Boost)  
  39  3:17  Probe (Chrono Boost)  
  41  3:21  Pylon  
  41  3:26  Probe (Chrono Boost)  
  42  3:28  Probe (Chrono Boost)  
  42  3:30  Adept  
  45  3:40  Mothership Core (Chrono Boost), Probe (Chrono Boost)  
  48  3:50  Pylon  
  48  3:51  Probe (Chrono Boost)  
  49  3:58  Probe (Chrono Boost)  
  49  4:01  Probe (Chrono Boost)  
  51  4:04  Nexus  
  51  4:06  Pylon  
  51  4:12  Adept x3  
  57  4:19  Probe (Chrono Boost)  
  57  4:21  Probe (Chrono Boost)  
  57  4:23  Assimilator  
  57  4:24  Assimilator  
  59  4:27  Pylon  
  59  4:30  Probe (Chrono Boost)  
  60  4:33  Probe (Chrono Boost)  
  60  4:35  Sentry x3  
  65  4:50  Gateway  
  65  4:52  Gateway  
  59  4:57  Pylon  
  59  4:59  Stalker  
  59  5:00  Stalker x2  
  59  5:06  Pylon  
  59  5:13  Pylon  
  59  5:16  Probe (Chrono Boost)  
  59  5:17  Probe x2 (Chrono Boost)  
  62  5:21  Stalker x2  
  62  5:23  Stalker  
  68  5:36  Pylon  
  67  5:44  Adept x2  
  67  5:49  Stalker x5  
  59  6:00  Robotics Facility  
  53  6:09  Stalker  
  53  6:10  Stalker  
  55  6:12  Stalker  
  55  6:13  Stalker  
  55  6:17  Stalker  
  57  6:22  Gateway  
  57  6:30  Stalker  
  57  6:31  Stalker  
  61  6:36  Adept x2  
  65  6:42  Sentry  
  65  6:43  Warp Prism  
  67  6:52  Stalker  
  67  6:53  Stalker  
  73  6:57  Adept x2  
  77  7:06  Adept  
  79  7:11  Pylon  
  78  7:18  Adept x4  
  78  7:19  Adept  
  88  7:39  Adept x5  
  88  7:40  Adept  
  88  7:58  Adept  
  88  7:59  Adept x3  
  88  8:00  Adept x2  
  60  8:20  Adept x4  
  60  8:21  Adept x2  

Tags
 
Add a new tag
Caveats
  • Supply blocks, unpowered buildings, or Contaminate may cause inaccurate times.
  • Supply counts are checked every 10 seconds.